 Dungeon Crawl Stone Soup version 0.15-a0-773-g3a4c672 (webtiles) character file.

15101 4tharraofdagon the Cleaver (level 12, -1/64 HPs)
             Began as a Vine Stalker Berserker on May 13, 2014.
             Was a High Priest of Trog.
             Slain by a polar bear (22 damage)
             ... in an ice cave.
             The game lasted 00:30:27 (4415 turns).

4tharraofdagon the Cleaver (Vine Stalker Berserker) Turns: 4415, Time: 00:30:27

HP  -1/64        AC 16     Str 22      XL: 12   Next: 23%
MP   0/7         EV  9     Int  7      God: Trog [*****.]
Gold 376         SH  0     Dex 17      Spells:  0 memorised, 11 levels left

rFire  . . .     SeeInvis +     x - +1,+4 broad axe (antimagic)
rCold  . . .     Clarity  .     y - +4 scale mail
rNeg   . . .     Conserve .     (no shield)
rPois  .         rCorr    .     A - +1 helmet {SInv}
rElec  .         rRot     +     E - +0 cloak
SustAb + .       Spirit   +     (no gloves)
rMut   .         Warding  .     (no boots)
Gourm  .         Stasis   .     (no amulet)
MR     +....                    (no ring)
                                p - ring of sustain abilities

@: somewhat resistant to hostile enchantments, extremely unstealthy
A: fangs 3, regeneration 3, magic shield, antimagic bite, no device heal 2
a: Burn Spellbooks, Berserk, Trog's Hand, Brothers in Arms, Renounce Religion


You were in an ice cave.
You worshipped Trog.
Trog was extremely pleased with you.
You were not hungry.

You visited 2 branches of the dungeon, and saw 14 of its levels.
You also visited: Labyrinth and Ice Cave.

You collected 545 gold pieces.
You spent 169 gold pieces at shops.

Inventory:

Hand weapons
 a - a +0,+0 hand axe
 r - a +0,+0 war axe
 x - a +1,+4 antimagic broad axe (weapon)
 H - a +0,+0 bardiche
 O - a +2,+0 war axe of chopping
Missiles
 e - 6 poisoned tomahawks (quivered)
Armour
 b - a +0 animal skin
 d - a +1 chain mail
 g - a +0 cloak
 j - a +0 ring mail
 k - a +1 hat
 y - a +4 scale mail (worn)
 A - a +1 helmet of see invisible (worn)
 E - a +0 cloak (worn)
 M - the +1 robe of Quig {rElec rC+ Str+3 Int+1, unknown}
   (You found it in a labyrinth)

   It affects your strength (+3).
   It affects your intelligence (+1).
   It protects you from cold.
   It insulates you from electricity.
 R - the cursed -3 ring mail "Wuarchah" {+Rage +Inv +Fly rElec Int+2, unknown}
   (You found it on level 3 of the Lair of Beasts)

   It affects your intelligence (+2).
   It insulates you from electricity.
   It lets you turn invisible.
   It lets you fly.
   It lets you go berserk.
   It has a curse placed upon it.
Magical devices
 i - a wand of random effects (4)
 B - a wand of fireball (2)
 J - a wand of draining (6)
 K - a wand of lightning (5)
 L - a wand of enslavement (3)
Comestibles
 c - 9 bread rations
 f - a chunk of polar bear flesh
 o - 4 meat rations
 C - 2 cheeses
Scrolls
 n - 11 scrolls of remove curse
 u - 2 scrolls of identify
 w - a scroll of immolation
 I - a scroll of enchant weapon III
 P - a scroll of enchant weapon II
Jewellery
 p - a ring of sustain abilities (left hand)
Potions
 h - 2 potions of resistance
 l - a potion of brilliance
 m - a potion of beneficial mutation {unknown}
 s - a potion of might {unknown}
Books
 G - a book of Debilitation

   Spells                             Type                      Level
   Corona                             Hexes                        1
   Slow                               Hexes                        2
   Inner Flame                        Hexes/Fire                   3
   Enslavement                        Hexes                        4
   Cause Fear                         Hexes                        4
   Leda's Liquefaction                Hexes/Earth                  4
   Trog disapproves of the use of such an item.
Miscellaneous
 N - a plain deck of war
Rods
 q - a +8 rod of shadows (10/10)
   (You found it in a labyrinth)


   Skills:
 + Level 8.0 Fighting
 * Level 12.5 Axes
 + Level 8.5 Armour
 - Level 1.5 Dodging
 + Level 5.6 Evocations


You had 11 spell levels left.
You didn't know any spells.

Dungeon Overview and Level Annotations

Branches:
Dungeon (11/15)              Lair (3/8) D:11
 Temple: D:4-7          Orc: D:9-12       Swamp: Lair:3-6    Shoals: Lair:3-6
  Snake: Lair:3-6    Spider: Lair:3-6

Altars:
Cheibriados
Nemelex Xobeh
Okawaru
The Shining One

Shops:
D:8 !


Innate Abilities, Weirdness & Mutations

You are immune to rotting.
You have razor-sharp teeth.
You regenerate.
When hurt, damage is shared between your health and your magic reserves.
Your bite disrupts and absorbs the magic of your enemies.
Potions and wands cannot restore your health.


Message History

The polar bear closely misses you. The yak gores you but does no damage.
You slash the yak!
The yak is moderately wounded.
You completely miss the polar bear.
The polar bear is almost dead.
The polar bear bites you! The polar bear claws you.
The polar bear claws you but does no damage.
The yak barely misses you.
Unknown command.
You swap places.
Your troll disappears in a puff of smoke!
The polar bear bites you but does no damage.
The polar bear claws you.
The polar bear claws you but does no damage.
Unknown command.
Unknown command.
You hit the polar bear. Your bite misses the polar bear.
The polar bear is almost dead.
The polar bear bites you!
You die...

##..#######.......#
#### ##........##
###.......###
#.......###
##....### ###..##
##..#####
##...#.####
###@hY...#
####....# ##..# .


You could see a polar bear (berserk) and a yak.

Vanquished Creatures
  Gastronok (Lair:3)
  A minotaur (Lab)
  A centaur warrior (D:10)
  A hill giant (D:11)
  4 gargoyles (Lab)
  A feature mimic (Lair:1)
  A komodo dragon (Lair:2)
  A minotaur zombie (Lab)
  7 polar bears (IceCv)
  A deep elf mage (D:10)
  A hog (D:8)
  A human (D:8)
  5 hungry ghosts
  3 sharks (D:9)
  Grum (D:8)
  7 wolves
  3 hippogriffs
  6 yaks
  A porcupine (Lair:1)
  5 water moccasins
  9 ice beasts
  2 orc warriors
  2 centaurs
  An ogre (D:11)
  2 crocodiles
  2 giant frogs
  A giant slug (Lair:3)
  3 big kobolds
  2 gnoll sergeants (D:8)
  An eye of draining (D:11)
  An electric eel (D:9)
  5 killer bees (D:9)
  14 hounds
  2 crimson imps
  2 centaur skeletons (D:8)
  A big fish (D:9)
  Crazy Yiuf (D:2)
  6 orc priests
  A giant frog skeleton (D:4)
  A jelly (D:11)
  A worker ant (D:10)
  6 orc wizards
  4 gnoll shamans
  2 iguanas
  10 sheep
  A sky beast zombie (D:9)
  A worker ant zombie (D:9)
  6 adders
  44 gnolls
  2 worms
  An adder zombie (D:5)
  19 orcs
  8 bats
  A giant cockroach (D:1)
  33 goblins (D:3)
  26 hobgoblins
  8 jackals
  2 quokkas
  3 giant geckos
  A giant gecko skeleton (D:8)
  A giant newt (D:3)
  17 kobolds
  7 rats
  A fungus (Lair:1)
  5 plants (D:11)
321 creatures vanquished.

Vanquished Creatures (collateral kills)
  An ice statue (IceCv)
  An ice beast (IceCv)
  A gnoll sergeant (D:4)
  A gnoll shaman (D:4)
  12 gnolls (D:4)
16 creatures vanquished.

Vanquished Creatures (others)
  A kobold (D:10)
1 creature vanquished.

Grand Total: 338 creatures vanquished

Notes
Turn   | Place    | Note
--------------------------------------------------------------
     0 | D:1      | 4tharraofdagon, the Vine Stalker Berserker, began the quest for the Orb.
     0 | D:1      | Reached XP level 1. HP: 11/11 MP: 1/1
   118 | D:2      | Noticed Crazy Yiuf
   132 | D:2      | Killed Crazy Yiuf
   132 | D:2      | Reached skill level 3 in Fighting
   132 | D:2      | Reached XP level 2. HP: 16/16 MP: 3/3
   132 | D:2      | Reached XP level 3. HP: 20/20 MP: 4/4
   227 | D:2      | Found a snail-covered altar of Cheibriados.
   227 | D:2      | Found a sparkling altar of Nemelex Xobeh.
   256 | D:2      | Found an iron altar of Okawaru.
   385 | D:3      | Reached XP level 4. HP: 24/24 MP: 5/5
   389 | D:3      | Acquired Trog's second power
   605 | D:3      | Reached skill level 4 in Axes
   612 | D:3      | Reached XP level 5. HP: 19/28 MP: 7/7
   618 | D:3      | Noticed a big kobold
   652 | D:3      | Killed a big kobold
   731 | D:3      | Acquired Trog's third power
   775 | D:3      | Gained mutation: You heal very quickly. [vine stalker growth]
   775 | D:3      | Reached XP level 6. HP: 10/32 MP: 5/8
   861 | D:4      | Reached skill level 5 in Axes
  1017 | D:4      | Reached XP level 7. HP: 27/36 MP: 7/9
  1132 | D:4      | Reached skill level 6 in Axes
  1329 | D:5      | Entered Level 5 of the Dungeon
  1483 | D:5      | Gained mutation: You have razor-sharp teeth. [vine stalker growth]
  1483 | D:5      | Reached XP level 8. HP: 16/40 MP: 11/11
  1565 | D:6      | Reached skill level 7 in Axes
  1745 | D:8      | Received a gift from Trog
  1766 | D:8      | Reached skill level 5 in Armour
  1826 | D:8      | Reached skill level 8 in Axes
  1931 | D:8      | Reached XP level 9. HP: 34/45 MP: 2/12
  1987 | D:8      | Reached skill level 9 in Axes
  2168 | D:8      | Noticed Grum
  2183 | D:8      | Killed Grum
  2183 | D:8      | Reached skill level 5 in Fighting
  2254 | D:8      | Found Uzuha's Distillery.
  2259 | D:8      | Bought a potion of haste for 91 gold pieces
  2259 | D:8      | Bought a potion of poison for 13 gold pieces
  2259 | D:8      | Bought a potion of flight for 39 gold pieces
  2259 | D:8      | Bought a potion of lignification for 26 gold pieces
  2381 | D:9      | Found a glowing golden altar of the Shining One.
  2409 | D:9      | Reached XP level 10. HP: 27/51 MP: 4/13
  2439 | D:9      | Reached skill level 10 in Axes
  2625 | D:9      | Noticed a hill giant
  2629 | D:10     | Entered Level 10 of the Dungeon
  2629 | D:10     | Noticed a centaur warrior
  2635 | D:10     | Killed a centaur warrior
  2781 | D:10     | Received a gift from Trog
  2819 | D:10     | Reached skill level 1 in Evocations
  2901 | D:11     | Found a labyrinth entrance.
  2913 | Lab      | Entered a labyrinth
  3294 | Lab      | Reached skill level 11 in Axes
  3371 | Lab      | Reached XP level 11. HP: 50/58 MP: 6/19
  3469 | Lab      | Found an exit through the horrors of the Abyss.
  3489 | Lab      | Noticed a minotaur
  3496 | Lab      | Killed a minotaur
  3505 | Lab      | Got a fabulously ornate robe
  3570 | D:11     | Found a staircase to the Lair.
  3573 | D:11     | Noticed a hill giant
  3580 | D:11     | Killed a hill giant
  3681 | Lair:1   | Entered Level 1 of the Lair of Beasts
  3757 | Lair:1   | Identified a +8 rod of shadows (10/10) (You found it in a labyrinth)
  4000 | Lair:3   | Noticed Gastronok
  4027 | Lair:3   | Killed Gastronok
  4027 | Lair:3   | Reached skill level 12 in Axes
  4089 | Lair:3   | Found a frozen archway.
  4127 | Lair:3   | Got a dazzling ring mail
  4154 | IceCv    | Entered an ice cave
  4157 | IceCv    | Reached skill level 5 in Evocations
  4199 | IceCv    | Gained mutation: You regenerate. [vine stalker growth]
  4199 | IceCv    | Reached XP level 12. HP: 64/64 MP: 6/22
  4241 | IceCv    | Noticed an ice statue
  4385 | IceCv    | Killed an ice statue
  4415 | IceCv    | Slain by a polar bear

Action                   |  1- 3 |  4- 6 |  7- 9 | 10-12 || total
-------------------------+-------+-------+-------+-------++-------
Melee: Hand axe          |    55 |   127 |       |       ||   182
       War axe           |       |    26 |   112 |       ||   138
       Broad axe         |       |       |   116 |   321 ||   437
       Bardiche          |       |       |       |    10 ||    10
Throw: Tomahawk          |       |       |     3 |       ||     3
Invok: Berserk           |     1 |     1 |    11 |    10 ||    23
       Trog's Hand       |       |     3 |     2 |     3 ||     8
       Brothers in Arms  |       |     1 |       |     1 ||     2
Evoke: Wand              |       |       |       |     6 ||     6
  Use: Potion            |     1 |       |       |     3 ||     4
       Scroll            |       |       |     4 |     8 ||    12

Vault maps used:
D:1:      dpeg_arrival_tiny_h
D:2:      grunt_dithmenos_smoke_and_mirrors, amethyst_overflow_temple_binary,
          lemuel_crystal_altar, okawaru_trees_2, uniq_crazy_yiuf_cottage,
          uniq_iyjb
D:3:      minmay_goblin_kobold_castle, nrook_mini_backslash
D:4:      lemuel_castle_with_subvaults, temple_fountains, first_bread
D:5:      fedhas_altar_2, basic_altar
D:7:      serial_shops, shop, uniq_eustachio, uniq_pikel
D:8:      vehumet_statue, serial_gnoll_camp, gnoll_camp_mini_shop,
          gnoll_camp_mini_hut, gnoll_camp_mini_loothouse, grums_kennel,
          gnoll_camp_mini_doghouse, gnoll_camp_huts_basic, grunt_livestock
D:9:      tso_oasis_becter, makhleb_altar_promises_db, minitemple,
          kennysheep_cluttered_room, minmay_misc_feat_encased
D:10:     david_orc_5
D:11:     dpeg_oklobed_lair, basic_altar, lab_entry_generic, kennysheep_nub,
          hangedman_decor_diamond_cutter
Lair:2:   st_stairs_11, guppyfry_lair_drakes
Lair:3:   minmay_snake_entry_guardpost_medium, portal_ice_cave_entry_ice_beasts,
          lemuel_fruit_tree, uniq_gastronok
Lab:      labyrinth_lava_lair, lab_block, labyrinth_skeletal_remains,
          nicolae_lab_plus, nicolae_lab_big_swirl, lab_statue,
          labyrinth_fake_exit, nicolae_lab_grate_2, nicolae_lab_starburst
IceCv:    ice_cave_small_giant
